Map: Acropolis LE

Players

ShoWTimE

  • Race: Protoss Protoss
  • Spawn Location: 5:00

SortOf - Winner!

  • Race: Zerg Zerg
  • Spawn Location: 11:00

VOD

Have the link to the VOD?

Description

Time

  • Played on: Sept. 6, 2019, 4:36 p.m.
  • Length: 14:46
Show
View Real Time Build Order
Export as new Build Order

ShoWTimE Protoss 

Build Orders: 1 Gate Expand 

Get SALT Encoding   

  12  0:00  Probe  
  13  0:12  Probe  
  14  0:17  Pylon  
  14  0:24  Probe  
  15  0:32  Probe  
  15  0:39  Gateway  
  15  0:40  Probe  
  16  0:47  Assimilator  
  17  0:51  Probe  
  18  1:03  Probe  
  19  1:15  Probe  
  20  1:26  Cybernetics Core  
  20  1:33  Nexus  
  20  1:35  Probe  
  21  1:41  Pylon  
  21  1:47  Probe  
  21  1:49  Assimilator  
  21  1:53  Adept  
  22  1:59  Probe  
  23  2:04  Warp Gate  
  25  2:11  Probe  
  25  2:14  Adept  
  26  2:23  Probe  
  26  2:28  Robotics Facility  
  29  2:34  Stalker  
  29  2:35  Probe  
  30  2:46  Probe  
  30  2:47  Probe  
  34  2:58  Probe  
  35  3:00  Probe  
  36  3:05  Gateway  
  36  3:06  Warp Prism  
  36  3:10  Probe  
  36  3:12  Probe  
  40  3:22  Probe  
  40  3:24  Pylon, Probe  
  42  3:34  Immortal  
  42  3:43  Gateway  
  42  3:46  Gateway  
  46  3:53  Gateway  
  46  3:55  Sentry  
  46  4:00  Gateway  
  46  4:02  Sentry  
  50  4:07  Gateway  
  50  4:20  Sentry  
  50  4:21  Gateway  
  50  4:24  Pylon  
  50  4:29  Pylon  
  50  4:45  Adept  
  52  4:47  Stalker x3  
  52  4:49  Zealot  
  60  4:53  Pylon  
  60  5:06  Zealot x3  
  66  5:10  Zealot x3  
  66  5:13  Stalker  
  72  5:16  Pylon  
  72  5:19  Zealot  
  62  5:35  Stalker x2  
  62  5:36  Zealot, Stalker  
  62  5:39  Zealot  
  58  6:03  Warp Prism  
  58  6:06  Zealot x8  
  64  6:14  Probe x2  
  68  6:20  Assimilator  
  68  6:22  Assimilator  
  68  6:26  Probe  
  68  6:28  Probe  
  68  6:36  Sentry  
  68  6:37  Sentry  
  68  6:38  Probe  
  71  6:40  Immortal, Probe  
  72  6:50  Probe  
  72  6:51  Forge  
  72  6:53  Probe  
  78  6:57  Pylon  
  78  7:00  Pylon  
  78  7:02  Probe  
  78  7:06  Probe  
  80  7:09  Protoss Ground Weapons Level 1  
  80  7:10  Immortal  
  80  7:13  Pylon  
  80  7:15  Twilight Council  
  80  7:20  Probe  
  85  7:30  Pylon  
  85  7:36  Nexus  
  85  7:46  Zealot x2  
  85  7:49  Immortal  
  93  7:58  Blink  
  93  8:01  Sentry x3  
  93  8:04  Probe  
  93  8:05  Probe  
  101  8:16  Shield Battery  
  101  8:17  Probe x2  
  103  8:29  Probe x2  
  105  8:41  Zealot, Adept  
  107  8:43  Probe  
  107  8:48  Probe x2  
  112  8:50  Immortal  
  112  8:55  Probe  
  117  8:56  Pylon  
  117  8:58  Pylon  
  117  8:59  Protoss Ground Weapons Level 2  
  118  9:10  Probe x3, Assimilator  
  118  9:12  Assimilator  
  118  9:13  Stalker  
  118  9:14  Stalker  
  124  9:30  Observer  
  125  9:33  Stalker x5  
  125  9:36  Pylon  
  135  9:39  Charge  
  135  9:42  Stalker  
  137  9:48  Immortal, Probe  
  137  9:52  Shield Battery  
  138  9:53  Shield Battery  
  138  9:55  Pylon  
  142  10:01  Zealot x2  
  142  10:04  Zealot  
  139  10:24  Stalker  
  139  10:25  Pylon  
  139  10:27  Pylon  
  139  10:28  Pylon  
  141  10:48  Stalker x6  
  141  10:49  Pylon  
  151  10:50  Pylon  
  151  10:55  Pylon  
  151  11:02  Stalker x2  
  153  11:19  Zealot  
  153  11:20  Zealot x5  
  165  11:28  Stalker x2  
  161  11:34  Phoenix  
  161  11:37  Protoss Shields Level 1  
  155  11:40  Nexus  
  155  11:46  Templar Archives  
  153  12:05  Pylon  
  153  12:16  Stalker x4  
  153  12:21  Stalker  
  147  12:41  Pylon  
  131  12:46  Zealot  
  131  12:49  Nexus  
  131  12:51  Zealot  
  133  12:54  High Templar x3  
  133  12:58  High Templar, Archon  
  111  13:12  Zealot x3  
  111  13:18  Cybernetics Core  
  100  13:28  Zealot  
  97  13:46  High Templar x5  
  107  13:50  Archon  
  107  13:51  Archon  
  107  13:52  High Templar  
  109  13:56  Archon  
  109  14:10  Assimilator  
  109  14:22  High Templar x5  
  117  14:25  Archon  
  117  14:26  Archon  
  117  14:27  High Templar  
  115  14:32  Archon  
Show
View Real Time Build Order
Export as new Build Order

SortOf Zerg - Winner!

Build Orders: Hatch First, Swarm Host 

Get SALT Encoding   

  12  0:01  Drone  
  13  0:13  Overlord  
  13  0:17  Drone  
  14  0:31  Drone x2  
  16  0:47  Hatchery  
  15  0:51  Drone  
  15  0:54  Drone  
  17  0:58  Drone  
  18  1:08  Extractor  
  17  1:13  Spawning Pool  
  17  1:15  Drone  
  17  1:19  Drone  
  18  1:29  Drone  
  19  1:39  Drone  
  20  1:50  Overlord  
  20  1:59  Queen  
  20  2:00  Queen  
  20  2:01  Zergling x4  
  26  2:10  Drone  
  26  2:12  Metabolic Boost, Drone  
  28  2:21  Drone  
  28  2:22  Drone  
  30  2:36  Hatchery  
  29  2:40  Zergling x2  
  29  2:43  Pneumatized Carapace  
  30  2:44  Drone  
  30  2:48  Drone  
  30  2:50  Zergling x2  
  33  2:54  Drone  
  34  2:59  Queen  
  34  3:13  Drone x2  
  34  3:14  Overlord  
  34  3:17  Overlord  
  36  3:33  Drone x4  
  40  3:35  Queen  
  42  3:41  Drone x2  
  44  3:48  Drone x4  
  44  3:52  Queen  
  50  4:02  Drone  
  51  4:03  Roach Warren, Drone  
  51  4:05  Extractor, Zergling x4  
  51  4:18  Drone x6  
  51  4:20  Drone x2  
  58  4:24  Overlord  
  58  4:28  Overlord, Extractor  
  58  4:30  Drone  
  58  4:33  Overlord  
  58  4:40  Overlord  
  58  4:44  Roach x4  
  64  4:49  Roach x2  
  64  4:51  Roach  
  70  4:57  Zergling x8  
  74  5:04  Zergling x2  
  73  5:09  Zergling x14  
  73  5:12  Ravager x3  
  79  5:15  Zergling x2  
  79  5:18  Roach  
  81  5:21  Roach  
  81  5:22  Roach  
  83  5:30  Zergling x4  
  83  5:33  Zergling x10  
  74  5:37  Zergling x2  
  74  5:38  Queen  
  69  5:45  Zergling x4  
  69  5:47  Queen  
  72  5:51  Zergling x4  
  71  5:59  Zergling x4  
  71  6:03  Zergling x4  
  71  6:09  Zergling x2  
  67  6:14  Zergling x4  
  69  6:20  Roach  
  69  6:23  Roach  
  72  6:27  Roach  
  72  6:29  Lair  
  71  6:33  Roach  
  71  6:34  Roach  
  73  6:45  Drone x2  
  73  6:46  Hatchery  
  74  6:49  Drone x3  
  74  6:51  Extractor  
  76  6:58  Zergling x4  
  78  7:06  Drone x4  
  82  7:17  Roach  
  82  7:19  Overlord  
  82  7:22  Overlord  
  81  7:31  Glial Reconstitution  
  81  7:34  Infestation Pit, Overlord  
  80  7:37  Overlord  
  80  7:39  Drone  
  80  7:40  Drone x5  
  86  7:45  Overseer  
  86  7:46  Drone  
  87  7:54  Drone x2  
  89  8:00  Overseer  
  89  8:02  Drone x2  
  90  8:06  Roach x6  
  90  8:08  Extractor  
  90  8:10  Extractor  
  100  8:13  Roach x2  
  100  8:15  Ravager  
  100  8:16  Overlord, Ravager x4  
  100  8:19  Roach  
  111  8:20  Overseer  
  111  8:21  Overlord  
  113  8:27  Roach  
  113  8:34  Overlord x2  
  113  8:39  Overlord  
  113  8:40  Roach x7  
  127  8:46  Overlord  
  127  8:47  Drone  
  127  9:00  Swarm Host x7, Nydus Network  
  147  9:07  Swarm Host  
  147  9:08  Swarm Host x2  
  154  9:16  Overlord  
  154  9:21  Overlord x6  
  154  9:27  Overseer  
  154  9:30  Overlord  
  154  9:34  Overlord  
  154  9:37  Swarm Host x2  
  160  9:40  Nydus Canal  
  160  9:42  Swarm Host x2  
  166  9:50  Swarm Host x3  
  175  10:03  Drone  
  175  10:04  Drone x2  
  173  10:15  Swarm Host x6  
  173  10:17  Nydus Canal  
  191  10:23  Zergling x4  
  193  10:29  Overlord  
  193  10:30  Hatchery  
  193  10:32  Nydus Canal  
  193  10:35  Overlord  
  192  10:38  Overlord  
  192  10:41  Zergling x8  
  196  10:52  Spine Crawler  
  196  10:53  Spore Crawler  
  196  10:54  Baneling Nest  
  192  10:59  Nydus Canal  
  192  11:02  Zergling x18  
  184  11:05  Overlord  
  184  11:08  Roach  
  180  11:13  Nydus Canal  
  180  11:28  Ravager x2  
  180  11:29  Ravager x10  
  192  11:36  Nydus Canal  
  192  11:40  Roach x4  
  192  11:46  Overlord  
  199  11:52  Nydus Canal  
  196  11:54  Centrifical Hooks  
  196  11:57  Zergling x20  
  196  12:01  Zergling x2  
  196  12:02  Zergling x4  
  199  12:23  Baneling x14  
  199  12:24  Baneling x5  
  193  12:31  Zergling x18  
  193  12:35  Zergling x8  
  190  12:40  Roach x2  
  178  12:45  Roach  
  178  12:50  Roach  
  164  12:59  Roach x5  
  168  13:09  Roach x4  
  175  13:15  Baneling x7  
  175  13:25  Swarm Host x3  
  184  13:42  Zergling x2  
  184  13:43  Zergling x14  
  190  13:52  Nydus Canal  
  190  13:54  Hatchery  
  189  13:59  Zergling x6  
  189  14:05  Zergling x6  
  192  14:11  Baneling x9  
  189  14:27  Zergling x12  
Tags
 
Add a new tag
Caveats
  • Supply blocks, unpowered buildings, or Contaminate may cause inaccurate times.
  • Supply counts are checked every 10 seconds.